 Dungeon Crawl Stone Soup version 0.30-a0-347-gf58ed5266c (webtiles) character file.

Game seed: 4008446604034773708

19226 Zonian the Nimble (level 13, 0/102 HPs)
             Began as a Djinni Ice Elementalist on Nov 6, 2022.
             Was an Elder of Ashenzari.
             Killed from afar by a lindwurm (5 damage)
             ... with a blast of flame
             ... summoned by Kirke
             ... on level 2 of the Lair of Beasts.
             The game lasted 01:13:11 (22071 turns).

Zonian the Nimble (Djinni Ice Elementalist)        Turns: 22071, Time: 01:13:11

Health: 0/102      AC:  9    Str:  7    XL:     13   Next: 3%
Gold:   169        EV: 19    Int: 21    God:    Ashenzari [****..] SH:  5 Dex: 15

rFire   + + .      SeeInvis +    N - +2 rapier (venom)
rCold   + . .      Faith    .    (no shield)
rNeg    . . .      Spirit   .    R - +0 leather armour of Ashenzari's Anxiety {rF+ rC+ Regen+, Self, Fort} (curse)
rPois   ∞          Reflect  +    g - +2 hat of Ashenzari's Boredom {Melee, Cun} (curse)
rElec   .          Harm     .    y - +1 cloak "Share My Lifelessness" {Will+, Melee, Self} (curse)
rCorr   .          Rampage  .    J - +1 pair of gloves of the Unyielding Gaze {Evo, Melee} (curse)
Will    ++...      Clarity  +    (boots unavailable)
Stlth   ++++......               b - amulet "Circumscribed Ordeal" {Reflect SH+5, Cun, Melee} (curse)
HPRegen 1.17/turn                l - ring "Paranoia of Ashenzari" {Ice, Cun, Melee} (curse)
MPRegen 0.00/turn                (no ring)

@: flying, studying Dodging
A: sickness immunity, fire resistance 2, cold vulnerability 1, float, innate
caster, HP casting, extra vitality 1
a: Renounce Religion, Shatter the Chains


You were on level 2 of the Lair of Beasts.
You worshipped Ashenzari.
Ashenzari was greatly pleased with you.
You visited 2 branches of the dungeon, and saw 13 of its levels.

You collected 663 gold pieces.
You spent 494 gold pieces at shops.

Inventory:

Hand Weapons
 c - a +0 falchion
 d - a +2 short sword of flaming
 f - a +2 double sword of flaming
 i - a +0 whip of venom
 j - a +0 sling
 q - a +2 flail of protection
 s - the +3 woodcutter's axe {vorpal}
   (You took it off a gnoll on level 4 of the Dungeon)

   It inflicts extra damage upon your enemies.
 w - a +2 short sword of speed
 A - a +2 short sword of venom
 B - the +6 shillelagh "Devastator" {shatter}
   (You found it on level 6 of the Dungeon)

   It releases a powerful concussive burst when it strikes, dealing extra damage
   to the target and all other foes adjacent to them.
 G - a +1 dagger of freezing
 N - a +2 rapier of venom (weapon)
 V - a +1 vorpal long sword
Missiles
 u - 34 poisoned darts
 P - a throwing net
 U - 9 silver javelins
Armour
 a - a +0 robe
 g - the cursed +2 hat of Ashenzari's Boredom (worn) {Melee, Cun}
   (You found it on level 1 of the Dungeon)

   It has a curse which improves the following skills: Melee Combat: Short
   Blades, Long Blades, Axes, Maces & Flails, Polearms, Staves and Unarmed
   Combat.
   Cunning:   Dodging and Stealth.
 p - a +1 cloak
 y - the cursed +1 cloak "Share My Lifelessness" (worn) {Will+, Melee, Self}
   (You bought it in a shop on level 5 of the Dungeon)

   It has a curse which improves the following skills: Melee Combat: Short
   Blades, Long Blades, Axes, Maces & Flails, Polearms, Staves and Unarmed
   Combat.
   Introspection: Fighting and Spellcasting.
 J - the cursed +1 pair of gloves of the Unyielding Gaze (worn) {Evo, Melee}
   (You found it on level 7 of the Dungeon)

   It has a curse which improves the following skills: Evocations: Evocations.
   Melee Combat: Short Blades, Long Blades, Axes, Maces & Flails, Polearms,
   Staves and Unarmed Combat.
 R - the cursed +0 leather armour of Ashenzari's Anxiety (worn) {rF+ rC+ Regen+, Self, Fort}
   (You bought it in a shop on level 1 of the Dungeon)

   rF:        It protects you from fire.
   rC:        It protects you from cold.
   Regen:     It increases your rate of health regeneration.
   It has a curse which improves the following skills: Introspection: Fighting
   and Spellcasting.
   Fortitude: Armour and Shields.
Jewellery
 b - the cursed amulet "Circumscribed Ordeal" (around neck) {Reflect SH+5, Cun, Melee}
   (You found it on level 2 of the Dungeon)

   [amulet of reflection]

   It reflects blocked missile attacks.
   SH:        It affects your SH (+5).
   It has a curse which improves the following skills: Cunning: Dodging and
   Stealth.
   Melee Combat: Short Blades, Long Blades, Axes, Maces & Flails, Polearms,
   Staves and Unarmed Combat.
 l - the cursed ring "Paranoia of Ashenzari" (left hand) {Ice, Cun, Melee}
   (You found it on level 4 of the Dungeon)

   [ring of ice]

   It enhances your ice magic.
   rF:        It makes you vulnerable to fire.
   rC:        It protects you from cold.
   It has a curse which improves the following skills: Cunning: Dodging and
   Stealth.
   Melee Combat: Short Blades, Long Blades, Axes, Maces & Flails, Polearms,
   Staves and Unarmed Combat.
 E - a ring of willpower
 K - a ring of ice
Wands
 h - a wand of mindburst (7)
 n - a wand of polymorph (1)
 t - a wand of roots (13)
 x - a wand of flame (17)
 H - a wand of charming (6)
Scrolls
 k - a scroll of immolation
 C - a scroll of silence
 F - a scroll of teleportation
 O - a scroll of enchant armour
 S - a scroll of poison
 T - a scroll of brand weapon
Potions
 m - 4 potions of lignification
 r - a potion of haste
 v - 5 potions of mutation
 z - 2 potions of curing
 D - a potion of attraction
 I - a potion of berserk rage
 M - 2 potions of might
Miscellaneous
 Q - a condenser vane (inert)


   Skills:
 + Level 9.8(12.7) Fighting
 + Level 7.2(12.6) Short Blades
 - Level 11.3(15.1) Dodging
 - Level 6.6(10.5) Stealth
 + Level 10.0(12.9) Spellcasting


You had 7 spell levels left.
You knew the following spells:

 Your Spells              Type           Power      Damage    Failure   Level
a - Freeze                Ice            100%       1d10      1%          1
b - Frozen Ramparts       Ice            100%       1d16      1%          3
c - Ozocubu's Armour      Ice            80%        N/A       1%          3
d - Summon Ice Beast      Ice/Summ       80%        N/A       1%          4
e - Sandblast             Erth           100%       2d20      1%          1
f - Static Discharge      Conj/Air       100%       2-7/arc   1%          2
g - Spider Form           Tmut/Pois      62%        N/A       1%          3
h - Confusing Touch       Hex            62%        N/A       1%          3
i - Agony                 Necr           62%        N/A       1%          5
j - Fireball              Conj/Fire      31%        3d13      1%          5
Your spell library was empty.

Dungeon Overview and Level Annotations

Branches:
Dungeon (10/15)            Temple (0/1) D:7            Lair (3/5) D:9
 Shoals (0/4) Lair:2        Snake (0/4) Lair:2
    Orc: D:9-12

Altars:
Ashenzari
Cheibriados
Dithmenos
Elyvilon
Fedhas
Ru
Trog
Uskayaw
Yredelemnul
Zin

Shops:
D:1 [   D:3 :   D:5 *   D:7 [

Annotations:
D:1 2 transporters
Lair:2 Kirke
Lair:3 2 transporters, Josephine; Tischemav's ghost, journeyman DsFi


Innate Abilities, Weirdness & Mutations

You are immune to sickness and miasma.
You are immune to poison.
Your flesh is very heat resistant. (rF++)
You are vulnerable to cold. (rC-)
You float through the air rather than walking.
You learn spells naturally, not from books.
Your magical power is your life essence.
You have superior vitality. (+4 MHP)


Message History

Kirke is heavily wounded.
The lightning grounds out.
The lindwurm is struck by an arc of lightning.
The lindwurm is moderately wounded.
You are struck by an arc of lightning.
The lightning grounds out.
The manticore is struck by an arc of lightning.
The manticore is severely wounded.
You are struck by an arc of lightning.
Kirke is struck by an arc of lightning!
Kirke is severely wounded.
The lightning grounds out.
The manticore completely misses you.
The manticore claws you but does no damage. x2
The manticore bites you!
* * * LOW HITPOINT WARNING * * *
The manticore claws you but does no damage.
The manticore barely misses you. The lindwurm closely misses you.
You block the lindwurm's attack. The lindwurm barely misses you.
Kirke closely misses you.
Unknown command.
Casting: Static Discharge (safe; 1% risk of failure)
Confirm with . or Enter, or press ? or * to list all spells.
The manticore is struck by an arc of lightning.
The manticore is heavily wounded.
The lindwurm is struck by an arc of lightning.
The lindwurm is heavily wounded.
The manticore is struck by an arc of lightning.
The manticore is heavily wounded.
The lightning grounds out.
* * * LOW HITPOINT WARNING * * *
The manticore bites you!
* * * LOW HITPOINT WARNING * * *
The manticore claws you.
* * * LOW HITPOINT WARNING * * *
The manticore claws you.
* * * LOW HITPOINT WARNING * * *
The manticore closely misses you. You block the manticore's attack.
The manticore claws you!
* * * LOW HITPOINT WARNING * * *
The lindwurm breathes flames at you. The blast of flame hits you. You resist.
You die...

.(......#........>............#
.#.......#.#..#.#######..#....# #
.###....##.##..## ####....###
..###..##...##### #P.......
.###...#.....#..#########........
.##.#.##.....##..................
......#..###..#..................
......#.......#..H.......###.....
......#...>...#.@.........#.#....
......#.......#@Hk.......#.~##.[#
#P....#..###..#..........#~.#~~.~
....#.##.....##...........#~..~..
....#.##.....##.....###.....~~.>.
......###...##....###.#.....~~..~
....#.# ##.###.....###.....~~##~#
......###..##......###.....~##~..
....#.............###.......~~...


You could see Kirke (extremely poisoned), 2 manticores and a lindwurm (summoned,
catching breath).

Vanquished Creatures
  3 hydras
  A catoblepas (Lair:2)
  A boulder beetle (Lair:3)
  A two-headed ogre (D:10)
  Urug (Lair:3)
  2 black mambas
  3 cane toads
  A rime drake (Lair:1)
  A komodo dragon (D:9)
  A troll (D:10)
  2 polar bears (Lair:2)
  2 hornets (D:9)
  9 blink frogs
  2 wyverns
  A shadow (D:9)
  9 yaks
  5 wraiths
  A steam dragon (D:7)
  5 hogs
  3 basilisks
  2 wargs (D:10)
  5 nagas (Lair:2)
  Duvessa (D:7)
  An acid dragon (D:9)
  3 water moccasins
  5 orc warriors
  An ice beast (D:6)
  4 sky beasts
  3 ogres
  A centaur (D:10)
  6 wolves (D:9)
  A phantom (D:5)
  Blork the orc (D:5)
  3 kobold brigands
  10 bullfrogs
  A gnoll sergeant (D:9)
  3 scorpions
  Dowan (D:7)
  4 wights
  A howler monkey (D:9)
  19 killer bees
  An electric eel (D:10)
  6 hounds
  A jelly (D:8)
  6 orc priests
  A gnoll bouda (D:4)
  2 iguanas
  14 orc wizards
  22 gnolls
  3 adders
  3 white imps
  2 ufetubi
  A worm zombie (D:7)
  2 worms (D:4)
  31 orcs
  4 ball pythons
  3 endoplasms
  6 giant cockroaches
  5 goblins
  4 hobgoblins
  3 jackals (D:5)
  2 quokkas
  3 bats (D:2)
  4 frilled lizards
  22 kobolds
  7 rats
288 creatures vanquished.

Vanquished Creatures (others)
  19 fungi
  31 plants
50 creatures vanquished.

Grand Total: 338 creatures vanquished

Notes
Turn   | Place    | Note
-------+----------+-------------------------------------------
     0 | D:1      | Zonian the Djinni Ice Elementalist began the quest for the
                  | Orb.
     0 | D:1      | Zonian set off with the following spells memorised: Freeze,
                  | Frozen Ramparts, Ozocubu's Armour, Summon Ice Beast.
     0 | D:1      | Reached XP level 1. HP: 15/15 MP: 0/0
   521 | D:1      | Reached XP level 2. HP: 21/21 MP: 0/0
  1126 | D:1      | Found Fiodgh's Armour Boutique.
  1366 | D:2      | Reached XP level 3. HP: 21/25 MP: 0/0
  1366 | D:2      | Learned a level 1 spell: Sandblast
  1408 | D:2      | Found a basalt altar of Yredelemnul.
  1542 | D:2      | Reached skill level 3 in Dodging
  1622 | D:2      | Reached XP level 4. HP: 31/31 MP: 0/0
  2597 | D:3      | Found Kasos's Vocational Training.
  2600 | D:3      | Reached XP level 5. HP: 34/35 MP: 0/0
  2600 | D:3      | Learned a level 2 spell: Static Discharge
  3454 | D:3      | You are sucked into a shaft and drop 3 floors!
  3461 | D:6      | Found a bloodstained altar of Trog.
  3461 | D:6      | Noticed a sky beast
  3461 | D:6      | Noticed an ogre
  3863 | D:6      | Found a white marble altar of Elyvilon.
  4014 | D:6      | Reached skill level 4 in Dodging
  4014 | D:6      | Reached XP level 6. HP: 25/40 MP: 0/0
  4018 | D:6      | Noticed an ice beast
  4067 | D:5      | Entered Level 5 of the Dungeon
  5281 | D:4      | Reached XP level 7. HP: 28/45 MP: 0/0
  5281 | D:4      | Learned a level 3 spell: Spider Form
  5715 | D:4      | Reached skill level 5 in Dodging
  6297 | D:5      | Found a broken altar of Ashenzari.
  6301 | D:5      | Became a worshipper of Ashenzari the Shackled
  6311 | D:5      | Found a sacrificial altar of Ru.
  6562 | D:5      | Reached XP level 8. HP: 41/50 MP: 0/0
  6565 | D:5      | Reached skill level 5 in Spellcasting
  6645 | D:5      | Reached skill level 6 in Dodging
  6645 | D:5      | Reached skill level 5 in Stealth
  6899 | D:5      | Found Motiedestra's General Store.
  6903 | D:5      | Bought a potion of curing for 30 gold pieces
  6903 | D:5      | Bought a +1 cloak of willpower for 165 gold pieces
  6957 | D:5      | Noticed Blork the orc
  6991 | D:5      | Killed Blork the orc
  7682 | D:6      | Found the +6 shillelagh "Devastator" {shatter}
  8231 | D:6      | Reached XP level 9. HP: 36/55 MP: 0/0
  8231 | D:6      | Learned a level 3 spell: Confusing Touch
  8641 | D:6      | Reached skill level 7 in Dodging
 10622 | D:7      | Found a snail-covered altar of Cheibriados.
 10624 | D:7      | Found Cheibriados's Comfort Zone.
 10642 | D:7      | Found a staircase to the Ecumenical Temple.
 10689 | D:7      | Noticed Duvessa
 10690 | D:7      | Noticed Dowan
 10910 | D:7      | Reached skill level 8 in Dodging
 10913 | D:7      | Reached * piety under Ashenzari
 10968 | D:7      | Reached skill level 1 in Fighting
 10976 | D:7      | Reached skill level 1 in Short Blades
 11318 | D:7      | Found a hide-covered altar of Uskayaw.
 11380 | D:7      | Killed Duvessa
 11382 | D:7      | Killed Dowan
 11752 | D:7      | Reached XP level 10. HP: 62/65 MP: 0/0
 12067 | D:7      | Found a basalt altar of Yredelemnul.
 12753 | D:8      | Found a shadowy altar of Dithmenos.
 13100 | D:8      | Found a glowing silver altar of Zin.
 14359 | D:9      | Found a staircase to the Lair.
 14360 | D:9      | Noticed a komodo dragon
 14385 | D:9      | Killed a komodo dragon
 14634 | D:9      | Reached skill level 5 in Fighting
 15008 | Lair:1   | Entered Level 1 of the Lair of Beasts
 15008 | Lair:1   | Noticed a rime drake
 15034 | D:10     | Entered Level 10 of the Dungeon
 15073 | D:10     | Reached XP level 11. HP: 72/76 MP: 0/0
 15073 | D:10     | Learned a level 5 spell: Agony
 15108 | D:10     | Reached skill level 5 in Short Blades
 15284 | D:10     | Found a blossoming altar of Fedhas.
 15348 | D:10     | Noticed a two-headed ogre
 15363 | D:10     | Killed a two-headed ogre
 15709 | D:10     | Identified a scroll of acquirement
 16261 | D:1      | Bought the +0 leather armour of Diefa {rF+ rC+ Regen+} for
                  | 299 gold pieces
 16449 | D:9      | Reached ** piety under Ashenzari
 16845 | Lair:1   | Noticed a death yak
 16845 | Lair:1   | Noticed a death yak
 17193 | Lair:1   | Acquired a manual of Dodging
 17374 | Lair:1   | Noticed a death yak
 17374 | Lair:1   | Noticed a death yak
 18126 | Lair:2   | Noticed an eight-headed hydra
 18153 | Lair:2   | Reached skill level 9 in Dodging
 18154 | Lair:2   | Killed an eight-headed hydra
 18267 | Lair:2   | Reached XP level 12. HP: 91/91 MP: 0/0
 18377 | Lair:2   | Reached *** piety under Ashenzari
 18398 | Lair:2   | Found a staircase to the Shoals.
 18954 | Lair:1   | Noticed a death yak
 19047 | Lair:2   | Reached skill level 10 in Dodging
 19062 | Lair:2   | Noticed a catoblepas
 19540 | Lair:2   | Killed a catoblepas
 19716 | Lair:2   | Found a staircase to the Snake Pit.
 20105 | Lair:3   | Noticed a four-headed hydra
 20108 | Lair:3   | Noticed Josephine
 20126 | Lair:2   | Reached skill level 11 in Dodging
 20395 | Lair:3   | Noticed a four-headed hydra
 20764 | Lair:3   | Noticed a death yak
 20764 | Lair:3   | Noticed a death yak
 20764 | Lair:3   | Noticed a death yak
 20764 | Lair:3   | Noticed a death yak
 20764 | Lair:3   | Noticed a death yak
 20765 | Lair:3   | HP: 4/86 [Josephine/ghostly fireball (29)]
 20781 | Lair:3   | Noticed Urug
 20787 | Lair:3   | Reached **** piety under Ashenzari
 20792 | Lair:3   | Noticed Kirke
 20882 | Lair:3   | Killed Urug
 21086 | Lair:3   | Found a transporter.
 21088 | Lair:3   | Noticed Tischemav's ghost (journeyman DsFi)
 21098 | Lair:3   | Noticed a death yak
 21112 | Lair:3   | Noticed a boulder beetle
 21122 | Lair:3   | Killed a boulder beetle
 21304 | Lair:3   | Killed a four-headed hydra
 21437 | Lair:3   | Found a transporter.
 21675 | Lair:2   | Killed a four-headed hydra
 21676 | Lair:2   | Reached skill level 10 in Spellcasting
 21676 | Lair:2   | Reached XP level 13. HP: 64/102 MP: 0/0
 21676 | Lair:2   | Learned a level 5 spell: Fireball
 22051 | Lair:2   | Identified the cursed +2 hat of Ashenzari's Boredom {Melee,
                  | Cun} (You found it on level 1 of the Dungeon)
 22051 | Lair:2   | Identified the cursed +1 pair of gloves of the Unyielding
                  | Gaze {Evo, Melee} (You found it on level 7 of the Dungeon)
 22051 | Lair:2   | Identified the cursed ring "Paranoia of Ashenzari" {Ice,
                  | Cun, Melee} (You found it on level 4 of the Dungeon)
 22071 | Lair:2   | HP: 5/102 [manticore[Kirke] (11)]
 22071 | Lair:2   | Killed from afar by a lindwurm

Illustrated notes

Levels and vault maps discovered:
D:1:      spicycebolla_arrival_transporter_tutorial, layout_basic,
          serial_forest, infiniplex_forest_end_2, infiniplex_forest_lined_3,
          infiniplex_forest_lined_room_3, infiniplex_forest_zigzag_1,
          infiniplex_forest_straight_4, infiniplex_forest_corner_2,
          serial_shops, shop, grunt_decor_cap, wad_floor_pattern_2
D:2:      minmay_general_purpose_star, layout_basic, basic_altar
D:3:      layout_basic, hangedman_decor_peaks_small, nicolae_shop_vocational
D:4:      layout_loops_cross, pf_guarded_unrand_woodcutter
D:5:      layout_rooms, mainiacjoe_overflow_big_doors, serial_shops,
          nicolae_shop_behind_doors, kennysheep_decorative_pillar,
          eino_curves_02, uniq_blork_the_orc
D:6:      layout_loops_ring, lemuel_blue_sif_altar,
          mainiacjoe_overflow_24_doors,
          mainiacjoe_overflow_concentric_impassable, grunt_decor_fettered
D:7:      layout_loops_ring, mainiacjoe_overflow_alcove_4, kennysheep_mini_moat,
          minmay_temple_entry_drinking_statues, enter_ossuary_3,
          minmay_shop_chei, minmay_misc_feat_iff, kennysheep_nondescript,
          grunt_ministairs_11, uniq_duvessa
D:8:      layout_gridville, kennysheep_little_box, zin_statuary,
          fiery_altar_vehumet
D:9:      wander_river, layout_basic, david_lair_shrubbed
D:10:     layout_basic, overflow_temple_1_default, nooodl_orcs_dogs
Lair:1:   layout_concentric_octagons, basic_altar
Lair:2:   layout_chaotic_city, elwin_shoals_entry_rocks,
          minmay_snake_entry_guardpost_medium
Lair:3:   layout_hall_layers, special_room [special_room_bee],
          gammafunk_ghost_arena, serial_bayou_pond_c, hangedman_tree_tricks,
          st_stairs_12, uniq_urug, uniq_kirke, uniq_josephine

Skill      XL: |  1  2  3  4  5  6  7  8  9 10 11 12 |
---------------+-------------------------------------+-----
Stealth        | 2 3 4 5 6 |  6.6
Dodging        | 3 4 5 6 8 9 11 | 11.3
Spellcasting   | 4 5 6 7 8 10 | 10.0
Fighting       | 2 5 7 9 |  9.8
Short Blades   | 1 4 6 7 |  7.2

Action                   |  1- 3 |  4- 6 |  7- 9 | 10-12 | 13-15 || total
-------------------------+-------+-------+-------+-------+-------++-------
Melee: Unarmed           |     6 |       |    11 |       |       ||    17
       Short sword       |    19 |    38 |   168 |   342 |       ||   567
       Shillelagh        |       |       |     8 |    44 |       ||    52
       Punch             |       |       |     3 |    11 |       ||    14
       Rapier            |       |       |       |   118 |    10 ||   128
 Cast: Freeze            |    14 |    33 |     7 |       |       ||    54
       Sandblast         |    11 |    41 |    47 |    45 |     2 ||   146
       Ozocubu's Armour  |       |     1 |     1 |     7 |       ||     9
       Frozen Ramparts   |       |     1 |    15 |    26 |       ||    42
       Static Discharge  |       |       |     7 |    20 |     4 ||    31
       Spider Form       |       |       |     2 |       |       ||     2
       Confusing Touch   |       |       |       |    23 |       ||    23
       Agony             |       |       |       |     2 |       ||     2
       Summon Ice Beast  |       |       |       |     1 |       ||     1
Invok: Curse Item        |       |       |     2 |     4 |       ||     6
Evoke: Wand              |       |       |     1 |    13 |     1 ||    15
       Condenser vane    |       |       |       |     1 |       ||     1
  Use: Scroll            |       |    10 |     7 |     8 |       ||    25
       Potion            |       |     4 |     2 |     4 |     4 ||    14
 Stab: Sleeping          |       |     1 |     5 |     8 |       ||    14
       Confused          |       |       |       |    25 |       ||    25
Armor: Robe              |    15 |    20 |    36 |    32 |       ||   103
       Leather armour    |       |       |       |    75 |     9 ||    84
Dodge: Dodged            |    30 |    55 |   130 |   416 |    44 ||   675
Block: Other             |       |    21 |    54 |   116 |    12 ||   203
       Reflection        |       |       |       |     5 |       ||     5

Table legend: (Time is in decaauts)
 A = Elapsed time spent in this place.
 B = Non-inter-level travel time spent in this place.
 C = Inter-level travel time spent in this place.
 D = Time resting spent in this place.
 E = Time spent auto-exploring this place.
 F = Levels seen in this place.
 G = Mean time per level.
                   A        B        C        D        E       F      G
               +--------+--------+--------+--------+--------+-----+--------+
         Total |  22025 |  21119 |    906 |  10267 |   6645 |  13 | 1694.2 |
       Dungeon |  16578 |  15760 |    818 |   7247 |   5688 |  10 | 1657.8 |
          Lair |   5446 |   5358 |     88 |   3020 |    957 |   3 | 1815.3 |
               +--------+--------+--------+--------+--------+-----+--------+

Top non-repeatable levels by time:
     D:6: 3639 daAuts
  Lair:2: 2625 daAuts
  Lair:1: 2114 daAuts
     D:3: 1810 daAuts
     D:9: 1767 daAuts
     D:7: 1705 daAuts
     D:5: 1498 daAuts
     D:1: 1349 daAuts
     D:4: 1295 daAuts
     D:2: 1283 daAuts
     D:8: 1215 daAuts
    D:10: 1014 daAuts
  Lair:3: 707 daAuts
